 Dungeon Crawl Stone Soup version 0.27-a0-1189-gb8eb6cee8e (webtiles) character file.

Game seed: 3205855518179519554

7851 polve the Slicer (level 11, -1/53 HPs)
             Began as a Vine Stalker Fighter on May 22, 2021.
             Was an Initiate of Uskayaw.
             Slain by a cane toad (4 damage)
             ... on level 1 of the Lair of Beasts.
             The game lasted 00:11:50 (8502 turns).

polve the Slicer (Vine Stalker Fighter)             Turns: 8502, Time: 00:11:50

Health: -1/53      AC: 21    Str: 19    XL:     11   Next: 21%
Magic:  0/18       EV: 11    Int:  8    God:    Uskayaw [......]
Gold:   515        SH: 10    Dex: 17    Spells: 10/10 levels left

rFire    . . .     SeeInvis .   w - +2 dagger (vamp)
rCold    . . .     Faith    .   c - +0 kite shield
rNeg     . . .     Spirit   +   l - +0 plate armour
rPois    .         Reflect  .   q - +2 helmet
rElec    .         Harm     .   I - +2 cloak {Stlth+}
rCorr    .         Rampage  .   S - +1 pair of gloves
Will     +....                  o - +0 pair of boots
Stlth    +.........             C - amulet of regeneration
HPRegen  2.17/turn              k - +4 ring of evasion
MPRegen  0.16/turn              y - +4 ring of evasion

@: lethally poisoned (-1 -> -2), studying Bows
A: fangs 3, regeneration 1, magic shield, antimagic bite, no potion heal 2
a: Renounce Religion


You were on level 1 of the Lair of Beasts.
You worshipped Uskayaw.
Uskayaw was aware of your devotion.
You visited 3 branches of the dungeon, and saw 11 of its levels.
You also visited: Ossuary.

You collected 515 gold pieces.

Inventory:

Hand Weapons
 a - a +3 rapier
 b - a +2 dagger of venom
 w - a +2 vampiric dagger (weapon)
 Q - a +3 scimitar of flaming
Missiles
 M - 2 atropa-tipped darts
Armour
 c - a +0 kite shield (worn)
 l - a +0 plate armour (worn)
 o - a +0 pair of boots (worn)
 q - a +2 helmet (worn)
 I - a +2 cloak of stealth (worn)
 S - a +1 pair of gloves (worn)
Jewellery
 f - a ring of protection from cold
 k - a +4 ring of evasion (left hand)
 n - a ring of magical power
 p - a ring of resist corrosion
 y - a +4 ring of evasion (right hand)
 B - a ring of ice
 C - an amulet of regeneration (around neck)
 K - a ring of protection from fire
Wands
 r - a wand of flame (14)
 E - a wand of iceblast (11)
 P - a wand of paralysis (8)
 U - a wand of digging (14)
Scrolls
 h - 11 scrolls of identify {unknown}
 i - 7 scrolls of noise {unknown}
 m - 6 scrolls of teleportation {unknown}
 u - 2 scrolls of enchant weapon {unknown}
 x - a scroll of blinking {unknown}
 z - a scroll of torment {unknown}
 A - 2 scrolls of amnesia {unknown}
 G - 3 scrolls of magic mapping {unknown}
 J - 2 scrolls of fog {unknown}
 N - a scroll of fear {unknown}
 O - a scroll of silence {unknown}
 T - a scroll of holy word {unknown}
Potions
 d - a potion of brilliance {unknown}
 e - 7 potions of heal wounds {unknown}
 g - 3 potions of flight {unknown}
 j - 2 potions of berserk rage {unknown}
 s - a potion of might
 t - 2 potions of degeneration {unknown}
 v - 4 potions of curing {unknown}
 D - 2 potions of resistance {unknown}
 F - a potion of lignification {unknown}
 H - a potion of magic {unknown}
 L - a potion of invisibility {unknown}
 R - a potion of mutation {unknown}


   Skills:
 - Level 4.0 Fighting
 - Level 10.0(10.2) Short Blades
 + Level 3.7(7.4) Long Blades
 - Level 4.0 Armour
 - Level 10.0 Stealth
 - Level 4.0 Shields
 - Level 8.0 Invocations


You had 10 spell levels left.
You didn't know any spells.
Your spell library contained the following spells:

 Spells                   Type           Power      Damage    Failure   Level
 Animate Skeleton         Necr           0%         N/A       100%        1
 Apportation              Tloc           0%         N/A       100%        1
 Corona                   Hex            0%         N/A       100%        1
 Summon Small Mammal      Summ           0%         N/A       100%        1
 Call Imp                 Summ           0%         N/A       100%        2
 Call Canine Familiar     Summ           0%         N/A       100%        3
 Summon Guardian Golem    Hex/Summ       0%         N/A       100%        3
 Summon Ice Beast         Ice/Summ       0%         N/A       100%        4
 Summon Lightning Spire   Summ/Air       0%         N/A       100%        4
 Borgnjor's Revivificati  Necr           0%         N/A       100%        8
 Infestation              Necr           0%         N/A       100%        8
 Necromutation            Tmut/Necr      0%         N/A       100%        8
 Death's Door             Necr           0%         N/A       100%        9


Dungeon Overview and Level Annotations

Branches:
Dungeon (9/15)             Temple (1/1) D:5            Lair (1/6) D:9
Ossuary (visited)
    Orc: D:9-12

Altars:
Ashenzari
Cheibriados
Dithmenos
Elyvilon
Fedhas
Gozag
Hepliaklqana
Kikubaaqudgha
Makhleb
Nemelex Xobeh
Okawaru
Qazlal
Ru
Sif Muna
Trog
Uskayaw
Vehumet
Wu Jian
Xom
Yredelemnul
Zin
The Shining One

Shops:
D:3 =


Innate Abilities, Weirdness & Mutations

You have razor-sharp teeth.
Your natural rate of healing is unusually fast.
When hurt, damage is shared between your health and your magic reserves.
Your bite disrupts and absorbs the magic of your enemies.
Potions cannot restore your health.


Message History

The cane toad is heavily wounded.
The water moccasin is severely wounded.
You can no longer stomp with the beat.
You feel very sick. The water moccasin misses you. The cane toad stings you!
The water moccasin misses you.
You closely miss the water moccasin. Your bite misses the water moccasin.
The water moccasin is severely wounded.
You feel sick. The cane toad closely misses you. The cane toad stings you!
You are more poisoned.
The cane toad poisons you! The water moccasin misses you.
You closely miss the water moccasin. Your bite misses the water moccasin.
The water moccasin is severely wounded.
You feel very sick.
The cane toad stings you but does no damage.
The cane toad closely misses you.
* * * LOW HITPOINT WARNING * * *
You feel extremely sick. The water moccasin barely misses you.
You hit the water moccasin but do no damage.
Your bite misses the water moccasin.
The water moccasin is severely wounded.
* * * LOW HITPOINT WARNING * * *
You feel very sick. The cane toad stings you.
The water moccasin bites you but does no damage.
You hit the water moccasin but do no damage.
Your bite misses the water moccasin.
The water moccasin is severely wounded.
* * * LOW HITPOINT WARNING * * *
You feel very sick. You block the cane toad's attack.
The water moccasin barely misses you.
* * * LOW HITPOINT WARNING * * *
You feel very sick.
Okay, then.
You feel very sick.
You feel very sick.
The water moccasin bites you but does no damage.
You feel sick. The cane toad stings you!
You die...

♣♣♣............#
♣♣.♣♣.....###P##...#
..........# ### ...#
.......<..# (##
.#######..# # ##..#
#PF.# ##FS# #.@#
#.........
#...#.##.## ##..+...
#..♣ ... ♣.♣# .....
.. .##. ♣. ..


You could see 2 cane toads and a water moccasin.

Vanquished Creatures
  Harold (Lair:1)
  A boulder beetle (D:7)
  Erica (D:8)
  A cane toad (Lair:1)
  2 trolls
  Grinder (D:2)
  A wraith (Ossuary)
  3 yaks (D:9)
  3 water moccasins
  2 orc warriors (D:9)
  2 black bears
  A sky beast (D:8)
  A necrophage (D:8)
  An ogre (D:7)
  An ice beast (D:6)
  9 centaurs
  3 phantoms
  3 bullfrogs (D:7)
  A wyvern zombie (D:8)
  7 scorpions
  A water moccasin skeleton (D:7)
  9 killer bees
  4 wights (D:6)
  3 howler monkeys
  A centaur zombie (D:8)
  A bullfrog skeleton (D:5)
  6 hounds
  A gnoll shaman (D:7)
  Crazy Yiuf (D:2)
  3 iguanas
  5 orc wizards
  A scorpion zombie (D:5)
  Terence (D:3)
  A killer bee zombie (D:8)
  3 mummies (Ossuary)
  2 howler monkey zombies
  Robin (D:3)
  2 gnolls
  14 adders
  3 white imps
  4 worms
  2 dart slugs
  15 orcs
  7 endoplasms
  4 giant cockroaches
  21 goblins
  12 hobgoblins
  16 jackals
  2 quokkas
  7 ball pythons
  15 bats
  4 frilled lizards
  2 gnoll zombies (Ossuary)
  A goblin zombie (Ossuary)
  2 hobgoblin zombies (Ossuary)
  6 kobolds
  2 kobold zombies (Ossuary)
  5 rats
235 creatures vanquished.

Vanquished Creatures (others)
  A howler monkey (D:8)
  11 fungi
12 creatures vanquished.

Grand Total: 247 creatures vanquished

Notes
Turn   | Place    | Note
-------+----------+-------------------------------------------
     0 | D:1      | polve the Vine Stalker Fighter began the quest for the Orb.
     0 | D:1      | Reached XP level 1. HP: 11/11 MP: 2/2
   352 | D:1      | Reached XP level 2. HP: 7/16 MP: 3/3
   775 | D:1      | Reached XP level 3. HP: 9/19 MP: 2/4
  1868 | D:2      | Gained mutation: Your natural rate of healing is unusually
                  | fast. [Vine Stalker growth]
  1868 | D:2      | Reached XP level 4. HP: 23/23 MP: 5/5
  2290 | D:2      | Found a runed translucent door.
  2291 | D:2      | Noticed Crazy Yiuf
  2447 | D:2      | Killed Crazy Yiuf
  2502 | D:3      | Noticed Grinder
  2504 | D:3      | Paralysed by Grinder for 6 turns
  2541 | D:2      | Killed Grinder
  2542 | D:2      | Reached XP level 5. HP: 27/27 MP: 6/6
  2542 | D:2      | Reached XP level 6. HP: 32/32 MP: 7/7
  2707 | D:3      | Found Panam's Jewellery Boutique.
  3000 | D:3      | Noticed Robin
  3010 | D:3      | Killed Robin
  3151 | D:3      | Noticed Terence
  3165 | D:3      | Killed Terence
  3180 | D:3      | Found a faded altar of an unknown god.
  3340 | D:4      | Found a sand-covered staircase.
  3345 | Ossuary  | Entered an ossuary
  3345 | Ossuary  | Noticed a wraith
  3345 | Ossuary  | Noticed a wraith
  3345 | Ossuary  | Noticed a wraith
  3531 | Ossuary  | Reached XP level 7. HP: 37/37 MP: 8/8
  3695 | Ossuary  | Noticed a wraith
  3721 | Ossuary  | Killed a wraith
  3874 | D:4      | Reached skill level 5 in Short Blades
  4020 | D:4      | Gained mutation: You have razor-sharp teeth. [Vine Stalker
                  | growth]
  4020 | D:4      | Reached XP level 8. HP: 37/42 MP: 9/9
  4346 | D:4      | Found a burning altar of Makhleb.
  4377 | D:5      | Entered Level 5 of the Dungeon
  4378 | D:5      | Found a staircase to the Ecumenical Temple.
  4424 | Temple   | Entered the Ecumenical Temple
  4430 | Temple   | Became a worshipper of Uskayaw the Reveller
  4605 | D:5      | Reached * piety under Uskayaw
  4610 | D:5      | Reached ** piety under Uskayaw
  4637 | D:5      | Reached *** piety under Uskayaw
  4639 | D:5      | Reached **** piety under Uskayaw
  4643 | D:5      | Reached ***** piety under Uskayaw
  4646 | D:5      | Reached skill level 1 in Invocations
  4726 | D:5      | Identified the +7 ring mail of the Gardener {+Blink rC++
                  | Regen+ Dex-5}
  4838 | D:5      | Reached XP level 9. HP: 45/45 MP: 12/12
  4954 | D:5      | Found a radiant altar of Vehumet.
  5255 | D:6      | Reached skill level 5 in Invocations
  5589 | D:6      | You fall into a shaft and drop 1 floor!
  6673 | D:7      | Noticed a boulder beetle
  6709 | D:7      | Killed a boulder beetle
  6710 | D:7      | Reached XP level 10. HP: 49/49 MP: 17/17
  6785 | D:7      | Reached skill level 10 in Short Blades
  6842 | D:7      | Reached skill level 1 in Stealth
  7071 | D:8      | Noticed Erica
  7097 | D:8      | Reached skill level 5 in Stealth
  7123 | D:8      | Killed Erica
  7689 | D:9      | Found a hazy altar of Hepliaklqana.
  7794 | D:9      | Reached XP level 11. HP: 53/53 MP: 18/18
  7981 | D:9      | Found a staircase to the Lair.
  8109 | D:9      | Found a snail-covered altar of Cheibriados.
  8112 | D:9      | Found a stormy altar of Qazlal.
  8117 | D:9      | Found a bloodstained altar of Trog.
  8173 | D:9      | Reached skill level 10 in Stealth
  8182 | D:9      | Reached skill level 1 in Long Blades
  8373 | Lair:1   | Entered Level 1 of the Lair of Beasts
  8382 | Lair:1   | Noticed Harold
  8402 | Lair:1   | Killed Harold
  8502 | Lair:1   | Slain by a cane toad

Illustrated notes

Levels and vault maps discovered:
D:1:      dpeg_arrival_renting, layout_loops_corners, serial_rivers,
          chequers_serial_rivers_room_a, chequers_serial_rivers_micro_a,
          chequers_serial_rivers_room_b, chequers_serial_rivers_room_b,
          chequers_serial_rivers_micro_c, minmay_distorted
D:2:      minmay_door_path, layout_basic, uniq_crazy_yiuf_cottage
D:3:      minmay_wonky_spiral, layout_rooms, serial_shops, nicolae_shop_crystal,
          basic_ecumenical_altar, minmay_quadrilaterals, uniq_terence,
          uniq_robin, uniq_grinder
D:4:      cheibrodos_greedy_goblins, layout_rooms, lightli_temple_of_fire,
          nicolae_ossuary_entry_ruins, minmay_manual_mares
D:5:      layout_loops_ring, nicolae_vehumet_altar_sigil,
          minmay_temple_entry_tees
D:6:      old_forge, layout_loops_cross
D:7:      minmay_razor_zed, layout_basic
D:8:      layout_cave_pools, minivault_25, uniq_erica
D:9:      layout_irregular_city, lemuel_tele_altar,
          grunt_temple_overflow_diamond, lair_entry_dummy
Temple:   eino_temple_rhombus
Lair:1:   layout_chaotic_city, serial_forest, infiniplex_forest_lined_room_2,
          infiniplex_forest_straight_3, infiniplex_forest_fountain,
          infiniplex_forest_straight_3, infiniplex_forest_end_1,
          infiniplex_forest_lined_2, infiniplex_forest_clump_C,
          infiniplex_forest_fountain, nzn_sisyphean_effort, uniq_joseph,
          uniq_harold

Skill      XL: |  1  2  3  4  5  6  7  8  9 10 11 |
---------------+----------------------------------+-----
Short Blades   | 2 3 4 6 8 9 10 | 10.0
Armour         | 4 |  4.0
Shields        | 3 4 |  4.0
Fighting       | 3 4 |  4.0
Invocations    | 3 8 |  8.0
Stealth        | 9 10 | 10.0
Long Blades    | 3 |  3.7

Action                   |  1- 3 |  4- 6 |  7- 9 | 10-12 || total
-------------------------+-------+-------+-------+-------++-------
Melee: Rapier            |    87 |   177 |   278 |    30 ||   572
       Bite              |    26 |    61 |   172 |   103 ||   362
       Dagger            |       |       |   184 |   191 ||   375
       Scimitar          |       |       |       |    19 ||    19
Invok: Stomp             |       |       |       |     1 ||     1
  Use: Potion            |       |     1 |       |       ||     1
 Stab: Paralysed         |       |       |     8 |    12 ||    20
Armor: Scale mail        |    31 |     1 |       |       ||    32
       Plate armour      |       |    75 |   248 |   132 ||   455
Dodge: Dodged            |    33 |    42 |   185 |   103 ||   363
Block: Kite shield       |    51 |    93 |   251 |   102 ||   497
       Rpst.: Scimitar   |       |       |       |     2 ||     2

Table legend: (Time is in decaauts)
 A = Elapsed time spent in this place.
 B = Non-inter-level travel time spent in this place.
 C = Inter-level travel time spent in this place.
 D = Time resting spent in this place.
 E = Time spent auto-exploring this place.
 F = Levels seen in this place.
 G = Mean time per level.
                   A        B        C        D        E       F      G
               +--------+--------+--------+--------+--------+-----+--------+
         Total |   8535 |   8241 |    294 |      0 |   6492 |  12 |  711.2 |
       Dungeon |   7762 |   7479 |    283 |      0 |   5956 |   9 |  862.4 |
        Temple |    177 |    167 |     10 |      0 |    161 |   1 |  177.0 |
          Lair |     51 |     51 |      0 |      0 |      6 |   1 |   51.0 |
       Ossuary |    543 |    543 |      0 |      0 |    369 |   1 |  543.0 |
               +--------+--------+--------+--------+--------+-----+--------+

Top non-repeatable levels by time:
     D:1: 1603 daAuts
     D:7: 1108 daAuts
     D:2: 988 daAuts
     D:9: 957 daAuts
     D:3: 798 daAuts
     D:6: 628 daAuts
     D:5: 607 daAuts
     D:4: 562 daAuts
 Ossuary: 543 daAuts
     D:8: 508 daAuts
  Temple: 177 daAuts
  Lair:1: 51 daAuts
